 Dungeon Crawl Stone Soup version 0.18.1-48-g4cf74bf (webtiles) character file.

204 MTVSty1e the Shield-Bearer (level 5, -2/33 HPs)
             Began as a Gargoyle Fighter on Aug 7, 2016.
             Slain by an ogre
             ... wielding a +0 giant club
              (17 damage)
             ... on level 4 of the Dungeon.
             The game lasted 00:07:22 (2467 turns).

MTVSty1e the Shield-Bearer (Gargoyle Fighter)       Turns: 2467, Time: 00:07:22

Health: -2/33      AC: 12    Str: 21    XL:     5   Next: 82%
Magic:  5/5        EV:  8    Int:  8    God:
Gold:   86         SH:  9    Dex:  9    Spells: 0 memorised, 4 levels left

rFire  . . .     SeeInvis .     a - +0 war axe
rCold  + . .     Gourm    .     b - +0 scale mail
rNeg   + . .     Faith    .     c - +0 shield
rPois  ∞         Spirit   .     d - +0 helmet
rElec  +         Dismiss  .     (no cloak)
rCorr  .         Reflect  .     (no gloves)
SustAt .         Harm     .     (no boots)
MR     .....                    (no amulet)
Stlth  ..........               (no ring)
                                j - ring of protection from cold

@: very slightly contaminated, not resistant to hostile enchantments, extremely
unstealthy
A: negative energy resistance 1, electricity resistance, unbreathing,
petrification resistance, rot immunity, AC +4
a: no special abilities


You were on level 4 of the Dungeon.
You were not hungry.

You visited 1 branch of the dungeon, and saw 4 of its levels.

You collected 86 gold pieces.

Inventory:

Hand Weapons
 a - a +0 war axe (weapon)
 i - a cursed +0 hand axe
Armour
 b - a +0 scale mail (worn)
 c - a +0 shield (worn)
 d - a +0 helmet (worn)
Jewellery
 j - a ring of protection from cold (left hand)
Scrolls
 e - 2 scrolls of immolation
 k - a scroll of amnesia
 q - a scroll of identify
Potions
 f - a potion of invisibility
 g - a potion of agility {unknown}
 n - a potion of degeneration {unknown}
 r - 2 potions of brilliance
 t - 2 potions of haste {unknown}
Comestibles
 h - 3 slices of pizza
 o - 2 bread rations


   Skills:
 + Level 4.0 Fighting
 + Level 2.6 Axes
 + Level 3.8 Armour
 + Level 2.2 Dodging
 + Level 4.4 Shields


You had 4 spell levels left.
You didn't know any spells.

Dungeon Overview and Level Annotations

Branches:
Dungeon (4/15)
 Temple: D:4-7

Altars:
Kikubaaqudgha
Nemelex Xobeh
Ru
Vehumet
The Shining One


Innate Abilities, Weirdness & Mutations

You are resistant to torment.
Your stone body is resilient (AC +4).
You are immune to poison.
You resist negative energy.
You are resistant to electric shocks.
You can survive without breathing.
You are immune to petrification.
You are immune to rotting.


Message History

The ogre hits you but does no damage.
You hit the ogre but do no damage.
The ogre is heavily wounded.
The ogre hits you with a giant club. You block the ogre's attack.
You hit the ogre.
The ogre is heavily wounded.
You flicker for a moment.
The ogre hits you with a giant club!
You hit the ogre but do no damage.
The ogre is heavily wounded.
The ogre closely misses you.
You hit the ogre.
The ogre is severely wounded.
You flicker back into view.
You block the ogre's attack.
You barely miss the ogre.
The ogre is severely wounded.
The ogre hits you with a giant club!
Ouch! That really hurt!
You die...

### ..# #.#
.########.###.#
.......@.<....#
....$..O......#
.#######..###.#
#(## # ...
.#.#. ##.##.
... .. #.# .#


You could see an ogre.

Vanquished Creatures
  Jessica (D:3)
  Terence (D:2)
  Robin (D:2)
  7 adders
  An adder skeleton (D:3)
  A worm (D:3)
  A dart slug (D:1)
  3 giant geckos
  An orc (D:3)
  3 giant cockroaches
  14 goblins
  8 hobgoblins
  6 jackals
  A quokka (D:2)
  5 bats
  3 giant newts
  7 kobolds
  5 rats
69 creatures vanquished.

Notes
Turn   | Place    | Note
--------------------------------------------------------------
     0 | D:1      | MTVSty1e the Gargoyle Fighter began the quest for the Orb.
     0 | D:1      | Reached XP level 1. HP: 14/14 MP: 1/1
   104 | D:1      | Reached XP level 2. HP: 15/19 MP: 2/2
   538 | D:1      | Reached skill level 1 in Dodging
   755 | D:2      | Reached XP level 3. HP: 18/23 MP: 3/3
   757 | D:2      | Noticed Robin
   777 | D:2      | Reached XP level 4. HP: 17/29 MP: 4/4
   782 | D:2      | Killed Robin
  1015 | D:2      | Noticed Terence
  1016 | D:2      | Found a faded altar to an unknown god.
  1026 | D:2      | Killed Terence
  1159 | D:2      | Reached XP level 5. HP: 33/33 MP: 5/5
  1853 | D:3      | Found an ancient bone altar of Kikubaaqudgha.
  1853 | D:3      | Found a glowing golden altar of the Shining One.
  1854 | D:3      | Found a radiant altar of Vehumet.
  2050 | D:3      | Found a sparkling altar of Nemelex Xobeh.
  2060 | D:3      | Found a sacrificial altar of Ru.
  2236 | D:3      | Noticed Jessica
  2245 | D:3      | Killed Jessica
  2451 | D:4      | Noticed an ogre
  2467 | D:4      | Slain by an ogre

Skill      XL: |  1  2  3  4  5 |
---------------+----------------+-----
Dodging        | 1 2 |  2.2
Axes           | 2 |  2.6
Shields        | 4 |  4.4
Fighting       | 4 |  4.0
Armour         | |  3.8

Action                   |  1- 3 |  4- 6 || total
-------------------------+-------+-------++-------
Melee: War axe           |   106 |   158 ||   264
  Use: Scroll            |     2 |     8 ||    10
       Potion            |     1 |     1 ||     2
  Eat: Bread ration      |       |     1 ||     1
       Meat ration       |       |     1 ||     1
Armor: Scale mail        |    70 |    67 ||   137
Dodge: Dodged            |    34 |    61 ||    95
Block: Shield            |    70 |    85 ||   155
